Map: Terraformation EC (Void)

Players

AgCl - Winner!

  • Race: Protoss Protoss
  • League: Grandmaster

Augmented

  • Race: Protoss Protoss
  • League: Grandmaster

VOD

Have the link to the VOD?

Description

Time

  • Played on: July 14, 2015, 2:35 a.m.
  • Length: 19:06
Show
View Real Time Build Order
Export as new Build Order

AgCl Protoss - Winner!

Build Orders: 1 Gate Expand, Oracle Opening 

Get SALT Encoding   

  12  0:14  Pylon  
  12  0:33  Gateway  
  12  0:35  Probe (Chrono Boost)  
  13  0:47  Probe (Chrono Boost)  
  13  0:48  Assimilator  
  14  0:51  Pylon  
  14  0:55  Probe (Chrono Boost)  
  15  1:04  Probe  
  17  1:20  Zealot (Chrono Boost)  
  18  1:38  Nexus  
  18  1:41  Probe  
  19  1:53  Probe (Chrono Boost)  
  20  1:59  Assimilator  
  20  2:05  Probe (Chrono Boost)  
  21  2:13  Probe (Chrono Boost)  
  21  2:14  Cybernetics Core  
  22  2:20  Pylon  
  22  2:23  Assimilator  
  22  2:27  Pylon  
  22  2:31  Probe  
  23  2:43  Probe (Chrono Boost)  
  22  2:54  Stargate  
  22  2:55  Probe (Chrono Boost)  
  22  2:57  Probe (Chrono Boost)  
  24  3:01  Probe (Chrono Boost)  
  24  3:03  Probe  
  26  3:12  Gateway  
  27  3:15  Probe (Chrono Boost)  
  27  3:16  Probe (Chrono Boost)  
  28  3:20  Warp Gate (Chrono Boost)  
  28  3:26  Probe (Chrono Boost)  
  31  3:30  Mothership Core (Chrono Boost)  
  32  3:36  Probe (Chrono Boost)  
  32  3:39  Oracle  
  32  3:40  Probe (Chrono Boost)  
  36  3:48  Probe (Chrono Boost)  
  37  3:51  Robotics Facility  
  37  3:52  Probe (Chrono Boost)  
  38  4:01  Probe (Chrono Boost)  
  39  4:02  Gateway  
  39  4:04  Probe (Chrono Boost)  
  39  4:09  Probe  
  40  4:11  Pylon  
  40  4:15  Pylon  
  38  4:32  Pylon  
  38  4:37  Void Ray (Chrono Boost)  
  34  4:53  Probe (Chrono Boost)  
  34  4:58  Probe (Chrono Boost)  
  32  5:05  Probe (Chrono Boost)  
  33  5:13  Probe (Chrono Boost)  
  33  5:14  Probe (Chrono Boost), Assimilator  
  35  5:19  Observer (Chrono Boost)  
  37  5:22  Probe (Chrono Boost)  
  37  5:23  Probe (Chrono Boost)  
  38  5:33  Probe (Chrono Boost)  
  38  5:34  Probe (Chrono Boost)  
  40  5:41  Probe x2 (Chrono Boost)  
  40  5:50  Probe (Chrono Boost), Zealot  
  40  5:51  Adept  
  40  5:53  Probe (Chrono Boost)  
  44  6:02  Probe (Chrono Boost)  
  44  6:08  Probe (Chrono Boost)  
  44  6:10  Probe (Chrono Boost)  
  44  6:14  Adept x2  
  44  6:15  Probe  
  46  6:19  Probe  
  45  6:28  Probe  
  45  6:31  Probe  
  47  6:35  Twilight Council  
  47  6:40  Probe (Chrono Boost)  
  49  6:47  Probe (Chrono Boost)  
  49  6:52  Probe (Chrono Boost)  
  50  6:54  Immortal (Chrono Boost)  
  50  6:59  Probe x2 (Chrono Boost)  
  56  7:08  Probe (Chrono Boost)  
  57  7:09  Probe (Chrono Boost)  
  58  7:19  Probe (Chrono Boost), Dark Shrine  
  58  7:20  Probe (Chrono Boost), Pylon  
  60  7:26  Probe (Chrono Boost)  
  61  7:34  Nexus  
  61  7:36  Immortal (Chrono Boost)  
  65  7:37  Probe  
  65  7:43  Probe  
  67  7:51  Forge  
  67  7:53  Pylon x2  
  67  7:57  Pylon  
  67  8:00  Adept  
  67  8:02  Probe  
  70  8:10  Immortal (Chrono Boost)  
  70  8:11  Probe  
  75  8:17  Probe  
  76  8:23  Probe  
  77  8:29  Probe, Photon Cannon  
  77  8:32  Gateway  
  75  8:36  Dark Templar x2  
  80  8:45  Immortal (Chrono Boost)  
  83  8:56  Dark Templar  
  83  9:09  Dark Templar x2  
  81  9:11  Immortal  
  73  9:23  Probe  
  73  9:24  Void Ray (Chrono Boost)  
  72  9:28  Protoss Ground Weapons Level 1 (Chrono Boost)  
  72  9:31  Gateway  
  76  9:32  Probe  
  76  9:34  Stalker  
  80  9:46  Probe (Chrono Boost)  
  80  9:49  Probe (Chrono Boost)  
  80  9:50  Charge  
  80  9:51  Assimilator  
  82  9:53  Assimilator  
  82  9:54  Probe (Chrono Boost)  
  82  9:57  Gateway  
  82  9:58  Probe (Chrono Boost)  
  82  9:59  Probe (Chrono Boost), Gateway  
  84  10:01  Probe (Chrono Boost)  
  84  10:02  Pylon  
  84  10:06  Probe, Gateway  
  86  10:07  Probe  
  86  10:10  Phoenix  
  86  10:11  Observer (Chrono Boost)  
  86  10:12  Probe  
  91  10:18  Probe  
  91  10:19  Probe  
  93  10:24  Probe  
  94  10:30  Probe  
  94  10:31  Probe  
  96  10:44  Phoenix (Chrono Boost)  
  96  10:47  Robotics Bay  
  98  10:53  Probe  
  98  10:55  Photon Cannon  
  99  11:00  Probe  
  99  11:02  Pylon  
  100  11:10  Immortal (Chrono Boost)  
  100  11:18  Archon x2  
  104  11:21  Probe  
  104  11:25  Protoss Ground Weapons Level 2 (Chrono Boost)  
  105  11:27  Pylon  
  105  11:28  Pylon  
  105  11:30  Nexus, Assimilator  
  105  11:31  Pylon, Assimilator  
  105  11:32  Fleet Beacon  
  105  11:41  Stargate  
  105  11:54  Probe  
  106  11:56  Void Ray (Chrono Boost)  
  106  12:00  Probe  
  111  12:06  Observer Gravitic Boosters (Chrono Boost)  
  111  12:08  Stargate, Photon Cannon  
  111  12:10  Pylon  
  111  12:14  Carrier (Chrono Boost)  
  111  12:18  Pylon  
  111  12:22  Carrier (Chrono Boost)  
  111  12:24  Graviton Catapult  
  117  12:36  Carrier (Chrono Boost)  
  123  12:41  Photon Cannon  
  123  12:43  Pylon  
  127  12:54  Probe, Pylon  
  127  12:55  Probe  
  127  12:58  Probe  
  130  13:06  Pylon  
  130  13:07  Protoss Air Weapons Level 1 (Chrono Boost)  
  130  13:15  Cybernetics Core  
  130  13:19  Pylon  
  130  13:23  Forge  
  130  13:26  Gateway  
  130  13:29  Carrier (Chrono Boost)  
  130  13:40  Dark Templar  
  130  13:41  Nexus  
  132  13:45  Protoss Air Armor Level 1 (Chrono Boost)  
  132  13:46  Zealot, Assimilator  
  132  13:47  Pylon  
  140  13:58  Protoss Shields Level 1 (Chrono Boost)  
  140  14:01  Protoss Ground Weapons Level 3 (Chrono Boost)  
  140  14:02  Carrier (Chrono Boost)  
  140  14:05  Mothership Core  
  140  14:18  Carrier (Chrono Boost)  
  152  14:35  Pylon, Carrier (Chrono Boost)  
  152  14:36  Assimilator  
  152  14:37  Photon Cannon  
  152  14:44  Pylon  
  152  14:48  Gateway  
  152  14:53  Pylon  
  158  15:00  Protoss Air Weapons Level 2  
  158  15:18  Gateway, Carrier (Chrono Boost)  
  158  15:21  Protoss Air Armor Level 2  
  158  15:22  Gateway  
  158  15:24  Gateway  
  158  15:26  Pylon  
  158  15:27  Photon Cannon  
  158  15:29  Probe  
  158  15:33  Gateway  
  158  15:35  Pylon  
  159  15:40  Protoss Shields Level 2 (Chrono Boost)  
  165  15:48  Carrier (Chrono Boost)  
  165  15:49  Pylon, Carrier (Chrono Boost)  
  165  16:04  Pylon  
  183  16:24  Carrier (Chrono Boost)  
  189  16:51  Protoss Ground Armor Level 1 (Chrono Boost)  
  189  16:52  Gateway  
  187  16:56  Dark Templar  
  187  16:57  Dark Templar x3  
  179  17:17  Dark Templar x2  
  179  17:18  Dark Templar  
  179  17:19  Carrier (Chrono Boost)  
  167  17:32  Zealot x2  
  167  17:33  Zealot x2  
  175  17:38  Zealot x4  
  189  17:55  Probe  
  188  18:15  Dark Templar x2  
  192  18:35  Zealot  
  192  18:38  Zealot x3  
  199  18:43  Zealot  
  193  18:55  Dark Templar x2  
  194  18:56  Zealot  
  194  18:59  Photon Cannon  
  194  19:00  Pylon  
Show
View Real Time Build Order
Export as new Build Order

Augmented Protoss 

Build Orders:  

Get SALT Encoding   

  12  0:01  Probe  
  13  0:13  Probe  
  14  0:23  Pylon  
  14  0:37  Assimilator  
  14  0:41  Probe (Chrono Boost)  
  14  0:42  Gateway  
  15  0:53  Probe (Chrono Boost), Assimilator  
  16  0:59  Probe (Chrono Boost)  
  17  1:10  Probe (Chrono Boost)  
  18  1:18  Probe (Chrono Boost)  
  19  1:19  Pylon  
  19  1:27  Probe (Chrono Boost)  
  20  1:32  Cybernetics Core  
  20  1:39  Probe (Chrono Boost)  
  21  1:48  Gateway  
  21  1:49  Probe (Chrono Boost)  
  22  1:59  Probe  
  23  2:13  Mothership Core  
  23  2:14  Warp Gate  
  23  2:15  Adept  
  27  2:24  Pylon  
  27  2:34  Probe  
  26  2:45  Adept x2 (Chrono Boost)  
  26  2:47  Probe  
  31  2:59  Probe  
  31  3:05  Pylon  
  32  3:10  Adept  
  32  3:11  Adept  
  36  3:21  Twilight Council  
  36  3:22  Probe  
  37  3:41  Pylon  
  37  3:47  Probe  
  38  3:55  Gateway  
  38  4:00  Probe  
  39  4:12  Probe  
  40  4:24  Probe, Adept  
  39  4:40  Shield Upgrade  
  39  4:42  Probe  
  40  4:48  Stalker  
  40  4:54  Probe  
  39  5:04  Stalker x2  
  41  5:15  Gateway  
  41  5:25  Nexus  
  41  5:28  Adept x3  
  45  5:35  Probe  
  48  5:47  Probe  
  49  6:00  Probe  
  50  6:12  Probe  
  47  6:30  Stalker x2  
  47  6:31  Stalker  
  49  6:41  Pylon  
  49  6:43  Nexus  
  49  6:44  Pylon  
  49  6:47  Assimilator  
  50  6:48  Probe (Chrono Boost)  
  50  6:49  Assimilator  
  50  6:51  Stalker  
  50  6:53  Blink  
  52  6:58  Probe (Chrono Boost)  
  52  7:00  Stalker  
  52  7:01  Stalker  
  54  7:14  Probe (Chrono Boost)  
  56  7:15  Probe (Chrono Boost)  
  56  7:19  Pylon  
  57  7:24  Probe (Chrono Boost)  
  57  7:26  Probe (Chrono Boost)  
  58  7:31  Probe (Chrono Boost)  
  60  7:40  Probe (Chrono Boost)  
  60  7:43  Probe (Chrono Boost)  
  61  7:50  Stalker x2, Probe (Chrono Boost)  
  61  7:51  Stalker, Probe (Chrono Boost)  
  69  8:00  Probe  
  70  8:22  Stalker  
  70  8:23  Stalker x3  
  78  8:39  Probe x2 (Chrono Boost)  
  78  8:40  Probe (Chrono Boost)  
  83  8:49  Probe x2 (Chrono Boost)  
  79  9:02  Nexus  
  74  9:04  Stalker x4, Pylon  
  74  9:06  Pylon  
  58  9:26  Probe x2 (Chrono Boost)  
  58  9:27  Probe (Chrono Boost)  
  59  9:37  Robotics Facility  
  59  9:38  Robotics Facility  
  53  10:00  Forge x2  
  53  10:02  Pylon  
  53  10:04  Pylon  
  53  10:10  Pylon  
  53  10:12  Stalker x3  
  53  10:13  Stalker, Pylon  
  60  10:29  Observer x2 (Chrono Boost)  
  60  10:31  Stalker x3  
  60  10:32  Stalker  
  68  10:51  Nexus  
  68  10:55  Zealot x4  
  76  10:57  Probe  
  77  11:04  Protoss Ground Weapons Level 1 (Chrono Boost)  
  77  11:09  Probe  
  78  11:13  Protoss Ground Armor Level 1 (Chrono Boost)  
  78  11:26  Pylon  
  78  11:33  Probe x2  
  78  11:38  Observer  
  81  11:42  Assimilator  
  81  11:46  Assimilator  
  81  11:56  Immortal  
  81  11:58  Zealot  
  81  12:00  Sentry x2  
  91  12:03  Probe (Chrono Boost)  
  91  12:04  Probe x2 (Chrono Boost)  
  94  12:20  Immortal  
  98  12:29  Photon Cannon  
  98  12:32  Photon Cannon  
  98  12:34  Stalker  
  98  12:35  Immortal  
  104  12:38  Photon Cannon  
  104  12:55  Stalker x3  
  110  12:58  Pylon  
  110  13:10  Robotics Bay  
  110  13:11  Photon Cannon  
  110  13:12  Photon Cannon  
  110  13:25  Gateway  
  110  13:30  Gateway  
  110  13:32  Pylon  
  110  13:36  Immortal, Pylon  
  110  13:37  Sentry x2  
  110  13:38  Sentry  
  110  13:40  Sentry  
  110  13:41  Pylon  
  122  14:13  Sentry x2  
  122  14:14  Sentry x2  
  130  14:17  Nexus  
  130  14:20  Assimilator  
  138  14:26  Disruptor x2 (Chrono Boost), Assimilator  
  138  14:27  Pylon  
  138  14:32  Pylon  
  138  14:43  Photon Cannon  
  138  14:47  Photon Cannon  
  138  14:52  Zealot x3  
  156  14:53  Colossus x2 (Chrono Boost)  
  156  15:00  Pylon  
  156  15:03  Pylon  
  156  15:26  Adept x5  
  156  15:27  Adept  
  168  15:37  Protoss Ground Weapons Level 2  
  168  15:38  Colossus (Chrono Boost)  
  168  15:39  Protoss Ground Armor Level 2  
  168  15:42  Disruptor (Chrono Boost)  
  181  16:01  Sentry x2  
  181  16:02  Sentry  
  181  16:03  Zealot x2  
  181  16:04  Zealot  
  190  16:14  Probe x2  
  192  16:24  Stalker  
  192  16:25  Stalker x3  
  198  16:33  Disruptor x2  
  198  16:39  Stalker  
  200  16:46  Stargate  
  105  17:35  Stalker x3  
  105  17:36  Stalker x3  
  85  17:45  Stargate  
  85  17:47  Stargate  
  85  17:49  Phoenix  
  87  18:08  Stalker x4  
  87  18:09  Stalker  
  89  18:24  Zealot  
  86  18:32  Stalker  
  58  18:57  Stalker x5  
  58  18:58  Stalker  
Tags
 
Add a new tag
Caveats
  • Supply blocks, unpowered buildings, or Contaminate may cause inaccurate times.
  • Supply counts are checked every 10 seconds.